Map: Para Site LE

Players

Woogie - Winner!

  • Race: Zerg Zerg
  • League: Diamond
  • Spawn Location: 11:00

water

  • Race: Terran Terran
  • League: Diamond
  • Spawn Location: 5:00

VOD

Have the link to the VOD?

Description

Time

  • Played on: Oct. 19, 2018, 3:34 p.m.
  • Length: 24:33
Show
View Real Time Build Order
Export as new Build Order

Woogie Zerg - Winner!

Build Orders: Hatch First, Swarm Host 

Get SALT Encoding   

  12  0:01  Drone  
  13  0:13  Overlord  
  13  0:17  Drone  
  14  0:31  Drone x2  
  14  0:35  Drone  
  17  0:53  Hatchery  
  17  0:55  Drone  
  17  0:59  Extractor, Drone  
  17  1:14  Spawning Pool  
  17  1:16  Drone  
  17  1:20  Drone  
  18  1:29  Drone  
  19  1:40  Overlord  
  19  2:03  Queen  
  19  2:05  Zergling x2  
  19  2:06  Drone x2  
  19  2:07  Queen  
  26  2:12  Drone  
  27  2:16  Drone  
  28  2:27  Drone x2  
  30  2:35  Overlord  
  29  2:42  Queen  
  31  2:45  Metabolic Boost  
  31  2:49  Hatchery  
  30  2:55  Zergling x8  
  34  3:06  Overlord  
  34  3:27  Queen x2  
  34  3:29  Overlord  
  34  3:30  Drone x5  
  43  3:44  Overlord  
  43  3:49  Drone x4  
  46  4:13  Drone x4  
  46  4:14  Zergling x4, Drone x3  
  55  4:29  Queen x2  
  59  4:34  Extractor x2  
  57  4:39  Baneling Nest  
  56  4:52  Drone x3  
  59  4:54  Overlord x2, Drone x3  
  59  4:55  Overlord  
  59  5:00  Zergling x14  
  64  5:16  Extractor  
  64  5:17  Evolution Chamber  
  64  5:19  Evolution Chamber  
  61  5:33  Lair  
  61  5:35  Spore Crawler  
  60  5:38  Spore Crawler  
  60  5:41  Spore Crawler  
  58  5:49  Drone x3  
  62  5:50  Drone x6  
  62  5:53  Zerg Melee Weapons Level 1, Zerg Ground Armor Level 1  
  62  5:55  Drone  
  62  5:56  Drone x7  
  62  5:57  Overlord x4  
  75  6:14  Extractor, Drone x2  
  75  6:15  Extractor, Drone x2  
  75  6:34  Drone x3  
  75  6:35  Drone  
  75  6:36  Drone  
  75  6:37  Zergling x2  
  75  6:38  Zergling x10  
  86  6:58  Baneling x3  
  86  6:59  Baneling x5  
  79  7:13  Baneling  
  79  7:14  Baneling x3  
  77  7:18  Hatchery  
  70  7:23  Queen x2  
  70  7:24  Queen  
  70  7:28  Infestation Pit  
  75  7:41  Hatchery  
  74  7:49  Zergling x16  
  74  7:50  Zergling x4  
  84  7:54  Spire  
  84  7:55  Zerg Melee Weapons Level 2  
  84  7:56  Zerg Ground Armor Level 2  
  83  8:00  Centrifical Hooks  
  82  8:31  Burrow  
  82  8:33  Hive  
  82  8:34  Zergling x2  
  82  8:35  Zergling x30  
  82  8:36  Zergling x14  
  82  8:41  Drone x2  
  98  8:58  Zergling x6  
  98  8:59  Zergling x18  
  108  9:05  Overlord x4  
  108  9:10  Drone  
  108  9:11  Drone x3  
  108  9:15  Zergling x2, Swarm Host  
  108  9:16  Swarm Host  
  128  9:25  Swarm Host x5  
  128  9:26  Swarm Host x2  
  149  9:45  Extractor  
  149  9:47  Extractor  
  149  9:50  Overseer  
  147  9:56  Baneling x4  
  147  9:57  Baneling x4  
  147  10:06  Overlord x5  
  147  10:10  Ultralisk Cavern  
  147  10:13  Zerg Flyer Weapons Level 1  
  146  10:14  Zerg Ground Armor Level 3, Zerg Melee Weapons Level 3  
  146  10:40  Hatchery  
  141  10:43  Baneling  
  141  10:44  Baneling x6  
  141  10:45  Baneling x2  
  141  10:59  Chitinous Plating  
  141  11:01  Ultralisk x3  
  141  11:03  Drone  
  141  11:04  Drone x6  
  162  11:05  Drone x2  
  168  11:11  Zergling x2  
  168  11:12  Zergling x26  
  168  11:14  Adrenal Glands  
  177  11:28  Baneling x5  
  177  11:29  Baneling x3  
  177  11:40  Ultralisk x2  
  189  11:51  Extractor  
  188  11:54  Extractor  
  183  12:22  Viper x3  
  183  12:23  Viper x2  
  179  13:22  Corruptor  
  179  13:25  Overlord x4  
  173  13:30  Hatchery  
  173  13:33  Hatchery  
  147  13:38  Overlord x6  
  147  13:39  Overlord x11  
  107  15:05  Spawning Pool  
  107  15:06  Drone  
  107  15:09  Overlord x3  
  68  15:53  Zergling x2  
  68  15:54  Zergling x10  
  56  16:14  Zergling x2  
  56  16:15  Zergling x2, Queen x2  
  38  16:55  Zergling x8  
  38  16:56  Zergling x4  
  38  17:00  Lair  
  35  17:26  Drone x3  
  35  17:27  Drone  
  39  17:51  Drone x4  
  43  17:58  Drone  
  44  18:20  Spire  
  40  18:34  Extractor  
  40  18:36  Extractor  
  34  19:32  Hatchery  
  32  20:45  Spawning Pool  
  31  20:51  Drone  
  32  21:26  Drone  
  32  21:27  Drone x4  
  32  21:32  Lair  
  37  21:57  Drone x2  
  39  22:25  Drone x4  
  43  22:32  Spire  
  42  23:14  Hatchery  
  40  23:38  Spire  
  26  24:25  Hatchery  
Show
View Real Time Build Order
Export as new Build Order

water Terran 

Build Orders: Reaper Expand, Hellion Banshee, Mech 

Get SALT Encoding   

  12  0:01  SCV  
  13  0:13  SCV  
  14  0:17  Supply Depot  
  14  0:25  SCV  
  15  0:38  SCV  
  15  0:39  Barracks  
  16  0:45  Refinery  
  16  0:50  SCV  
  17  1:03  SCV  
  18  1:17  SCV  
  19  1:28  Reaper  
  19  1:30  Orbital Command  
  20  1:45  Command Center  
  20  1:58  SCV  
  20  2:00  Marine  
  22  2:10  SCV  
  23  2:21  Supply Depot  
  23  2:25  Factory  
  23  2:26  Refinery, Barracks Reactor  
  23  2:33  SCV  
  23  2:52  SCV  
  24  2:58  Orbital Command  
  23  3:18  Hellion x2  
  27  3:21  Starport, Barracks Tech Lab  
  27  3:23  SCV  
  28  3:27  SCV  
  29  3:36  SCV  
  29  3:39  SCV, Hellion x2  
  35  3:43  Supply Depot  
  35  3:53  SCV x2  
  37  4:01  Hellion x2  
  41  4:05  SCV x2  
  43  4:12  Command Center  
  43  4:14  Banshee  
  46  4:17  SCV x2, Cloaking Field  
  48  4:26  Hellion x2  
  48  4:29  SCV x2  
  54  4:44  Supply Depot x2  
  54  4:45  Refinery x2  
  54  4:47  Barracks Tech Lab  
  54  5:05  SCV  
  54  5:06  SCV  
  56  5:18  SCV x2, Hellion  
  56  5:19  Banshee, Hellion  
  65  5:30  SCV x2  
  65  5:33  Armory, Factory  
  65  5:34  Orbital Command  
  65  5:35  Factory  
  67  5:42  SCV  
  65  6:03  Hellion  
  70  6:05  Hellion  
  70  6:09  Barracks Reactor  
  69  6:13  Factory  
  69  6:14  SCV  
  69  6:15  SCV x2  
  69  6:16  Starport Reactor  
  69  6:17  Factory  
  72  6:20  Supply Depot  
  72  6:22  Supply Depot  
  72  6:24  Siege Tank  
  75  6:32  Siege Tank  
  78  6:33  Hellion x2  
  82  6:43  Orbital Command  
  82  6:49  SCV x2  
  82  6:50  Supply Depot  
  82  6:51  Terran Vehicle Weapons Level 1  
  82  6:53  Supply Depot  
  84  7:01  SCV  
  84  7:02  SCV  
  63  7:25  Siege Tank x2  
  63  7:29  Factory Tech Lab  
  67  7:32  Medivac x2  
  71  7:38  Hellbat x4  
  71  7:43  SCV  
  71  7:44  SCV x2  
  82  7:55  SCV  
  82  7:57  Thor x2  
  95  8:00  Engineering Bay  
  95  8:02  Armory  
  95  8:10  SCV  
  95  8:11  SCV x2  
  98  8:12  Infernal Pre-Igniter  
  98  8:15  Viking x2  
  102  8:22  SCV, Hellbat  
  102  8:23  Hellbat  
  107  8:33  SCV x2  
  109  8:34  SCV  
  109  8:37  Refinery x2  
  110  8:42  Supply Depot  
  110  8:45  SCV x2  
  103  9:07  Supply Depot  
  103  9:08  Supply Depot  
  103  9:09  SCV x3  
  106  9:10  Supply Depot  
  106  9:14  Missile Turret  
  106  9:18  Missile Turret  
  106  9:21  Missile Turret, SCV  
  106  9:22  SCV x2  
  109  9:24  Terran Vehicle Weapons Level 2  
  109  9:25  Terran Vehicle And Ship Armor Level 1  
  109  9:29  Siege Tank  
  109  9:30  Supply Depot  
  112  9:32  Supply Depot  
  112  9:33  SCV, Viking  
  112  9:34  Missile Turret, Supply Depot, Viking  
  118  9:52  SCV  
  118  9:53  SCV x2  
  120  10:05  SCV  
  121  10:16  Viking x2  
  121  10:18  Command Center  
  121  10:19  Siege Tank x2  
  121  10:20  Thor, Missile Turret  
  121  10:21  Hellbat x2  
  141  10:23  Missile Turret  
  141  10:25  Missile Turret  
  141  10:26  Missile Turret  
  141  10:28  Missile Turret  
  141  10:34  Hellbat x2  
  145  10:42  Hellbat  
  147  10:43  Hellbat  
  147  10:51  Siege Tank, Hellbat  
  147  10:52  Viking x2  
  156  10:59  Missile Turret  
  156  11:00  Missile Turret  
  156  11:03  Siege Tank  
  159  11:05  SCV  
  159  11:06  Supply Depot, SCV x2  
  159  11:07  Supply Depot, Hellbat  
  159  11:08  Hellbat x3  
  170  11:25  Viking  
  172  11:28  Thor, Viking  
  172  11:32  Supply Depot  
  180  11:34  Supply Depot x3, SCV x3  
  180  11:36  Supply Depot  
  183  11:40  Thor  
  183  11:42  Hellbat  
  191  11:57  Planetary Fortress  
  191  12:05  Refinery  
  191  12:08  Refinery  
  191  12:14  Missile Turret  
  190  12:15  Missile Turret  
  190  12:27  Supply Depot  
  190  12:29  SCV x3  
  169  12:52  Supply Depot  
  169  12:53  Supply Depot  
  169  12:56  Supply Depot  
  158  13:05  Siege Tank  
  161  13:06  Hellbat x4  
  59  16:02  Orbital Command  
  31  17:17  Orbital Command  
  31  17:43  SCV  
  32  17:48  Orbital Command  
  32  17:56  Barracks Reactor  
  29  18:40  Marine  
  29  18:41  Marine  
  31  18:54  Orbital Command  
  31  19:55  Orbital Command  
Tags
 
Add a new tag
Caveats
  • Supply blocks, unpowered buildings, or Contaminate may cause inaccurate times.
  • Supply counts are checked every 10 seconds.